 Dungeon Crawl Stone Soup version 0.31-a0-1499-ge0622b2318 (webtiles) character file.

Game seed: 8098247467930206433

18262 grandjackal the Nimble (level 12, 0/100 HPs)
             Began as a Merfolk Shapeshifter on Dec 29, 2023.
             Was a High Priest of Wu Jian.
             Incinerated by a smoke demon (11 damage)
             ... with a pyre arrow
             ... on level 11 of the Dungeon.
             The game lasted 00:20:12 (9845 turns).

grandjackal the Nimble (Merfolk Shapeshifter)       Turns: 9845, Time: 00:20:13

Health: 0/100      AC:  8    Str: 15    XL:     12   Next: 56%
Magic:  12/12      EV: 25    Int:  9    God:    Wu Jian [*****.]
Gold:   1540       SH:  0    Dex: 18    Spells: 11/11 levels left

rFire   . .          .
                       - Unarmed
rCold   . . .        (shield currently unavailable)
rNeg    . . .        o - melded +2 ring mail {rF+}
rPois   .            F - +1 helmet
rElec   .            y - +0 cloak
rCorr   .            G - +0 pair of gloves {hurl}
SInv    +            (no boots)
Will    .....        u - amulet of regeneration
Stlth   +            x - +4 ring of protection
HPRegen 1.16/turn    E - ring of see invisible
MPRegen 0.13/turn

%: no passive effects
@: on fire, flux-form, glowing
A: glow, contaminating, (nimble swimmer 2), mertail
a: Begin Untransformation, Renounce Religion, Wall Jump, Serpent's Lash,
Heavenly Storm


You were on level 11 of the Dungeon.
You worshipped Wu Jian.
Wu Jian was extremely pleased with you.
You were something dangerously unstable.
You visited 2 branches of the dungeon, and saw 12 of its levels.
You also visited: Bailey.

You collected 1813 gold pieces.
You spent 273 gold pieces at shops.

Inventory:

Missiles
 J - a throwing net
Armour
 j - a scarf of shadows
 o - a +2 ring mail of fire resistance (melded)
 y - a +0 cloak (worn)
 F - a +1 helmet (worn)
 G - a +0 pair of gloves of hurling (worn)
Jewellery
 u - an amulet of regeneration (around neck)
 x - a +4 ring of protection (left hand)
 E - a ring of see invisible (right hand)
 K - a ring of positive energy
 Q - a ring of willpower
Talismans
 c - a beast talisman
 t - a flux talisman (active)
Wands
 d - a wand of mindburst (9)
 p - a wand of flame (34)
 C - a wand of iceblast (12)
 D - a wand of light (8)
Scrolls
 f - a scroll of vulnerability {unknown}
 g - a scroll of amnesia {unknown}
 h - 10 scrolls of teleportation
 i - 2 scrolls of fear
 l - 3 scrolls of enchant armour {unknown}
 r - 3 scrolls of revelation {unknown}
 v - 4 scrolls of fog {unknown}
 w - 2 scrolls of noise {unknown}
 z - 3 scrolls of blinking {unknown}
 A - a scroll of silence {unknown}
 H - 2 scrolls of brand weapon {unknown}
 I - a scroll of poison {unknown}
 L - 3 scrolls of summoning {unknown}
 M - 2 scrolls of enchant weapon {unknown}
Potions
 a - 2 potions of invisibility
 b - 2 potions of lignification
 e - 2 potions of ambrosia
 k - a potion of berserk rage
 m - 2 potions of might
 n - 3 potions of curing
 q - a potion of attraction {unknown}
 s - 3 potions of resistance
 B - a potion of haste {unknown}
 N - a potion of magic {unknown}
 O - a potion of mutation
Miscellaneous
 P - a phantom mirror


   Skills:
 + Level 11.2 Fighting
 + Level 13.5 Dodging
 + Level 11.7 Unarmed Combat
 + Level 12.8 Shapeshifting


You had 11 spell levels left.
You didn't know any spells.
Your spell library contained the following spells:

 Spells                   Type           Power      Damage    Failure   Level
 Magic Dart               Conj           0%         1d3       38%         1
 Blink                    Tloc           0%         N/A       52%         2
 Call Imp                 Summ           0%         N/A       52%         2
 Cigotuvi's Dreadful Rot  Necr/Alch/Air  0%         N/A       52%         2
 Sublimation of Blood     Necr           0%         N/A       52%         2
 Fugue of the Fallen      Necr           0%         N/A       77%         3
 Ozocubu's Armour         Ice            0%         N/A       77%         3
 Ignite Poison            Fire/Alch      0%         N/A       99%         4
 Manifold Assault         Tloc           0%         N/A       99%         4
 Petrify                  Alch/Erth      0%         N/A       99%         4
 Alistair's Intoxication  Alch           0%         N/A       100%        5
 Borgnjor's Vile Clutch   Necr/Erth      0%         N/A       100%        5
 Freezing Cloud           Conj/Ice/Air   0%         6-21      100%        5
 Irradiate                Conj/Alch      0%         3d11      100%        5
 Eringya's Noxious Bog    Alch           0%         4d6       100%        6
 Summon Hydra             Summ           0%         N/A       100%        7


Dungeon Overview and Level Annotations

Branches:
Dungeon (11/15)            Temple (1/1) D:6            Lair (0/5) D:9
    Orc (0/2) D:10         Bailey (visited)

Altars:
Ashenzari
Cheibriados
Dithmenos
Elyvilon
Fedhas
Gozag
Hepliaklqana
Kikubaaqudgha
Makhleb
Nemelex Xobeh
Okawaru
Qazlal
Ru
Sif Muna
Trog
Uskayaw
Vehumet
Wu Jian
Xom
Yredelemnul
Zin
The Shining One

Shops:
D:1 ?   D:7 ?

Annotations:
D:4 3 runed translucent doors, ketchum's ghost, amateur TrSh
D:9 1 runed translucent door, BigPumpCobain's ghost, novice MiFi


Innate Abilities, Weirdness & Mutations

You are something dangerously unstable.
You glow with magical radiation, making you easy to see and hit.
Foes you strike become dangerously contaminated with magical radiation.
You are incapable of wielding weapons or throwing items.
((You are very nimble when in or above water. (Stealth+, EV+, Speed+++)))
Your lower body shifts to a powerful aquatic tail in water.


Message History

The kobold demonologist shudders as magic cascades through it!
The kobold demonologist twists and deforms.
The kobold demonologist is heavily wounded.
You are engulfed in a cloud of scalding steam.
* * * LOW HITPOINT WARNING * * *
The kobold brigand hits you with a +0 mace.
* * * LOW HITPOINT WARNING * * *
The kobold demonologist closely misses you.
The orange demon completely misses you.
You punch the kobold demonologist!
The kobold demonologist begins to glow.
The kobold demonologist is severely wounded.
You are engulfed in a cloud of scalding steam.
* * * LOW HITPOINT WARNING * * *
The ice devil disappears in a puff of smoke!
The smoke demon completely misses you. The smoke demon barely misses you.
The smoke demon closely misses you.
The kobold demonologist looks encouraged for a moment.
The kobold brigand closely misses you.
You closely miss the kobold demonologist.
The kobold demonologist is severely wounded.
You are engulfed in a cloud of scalding steam.
The orange demon stings you from afar.
* * * LOW HITPOINT WARNING * * *
You are poisoned.
The orange demon poisons you! The smoke demon gestures at you.
The pyre arrow hits you.
You are covered in intense liquid fire!
You punch the kobold demonologist!
You kill the kobold demonologist!
The Council accepts your kill.
The smoke demon disappears in a puff of smoke!
The orange demon disappears in a puff of smoke!
The liquid fire burns you!
* * * LOW HITPOINT WARNING * * *
x2 You feel very sick.
The kobold brigand completely misses you.
You feel better. The liquid fire burns you!
You die...

.###.....................
..##.....................
#..#...............<.....
..##.....#...............
..###....#.....###........###
...##....##...####..........#
.####...(.....$§#...........#
##.##.##.......))§...##....###
......#...##..§.pK.........#<####
..........###..##$.........#.##..
.........##.#..##................
................))..........##...
.........................#.###.<.
..........................###.(..
..........................†......
.......................#...#†..>.
......................#...##.#..#


You could see a kobold brigand.

Vanquished Creatures
  An orc warlord (Bailey)
  2 two-headed ogres (D:10)
  A boulder beetle (D:11)
  Pikel (D:7)
  Maurice (D:7)
  A gargoyle (D:11)
  An unseen horror (D:10)
  4 kobold demonologists (D:11)
  A komodo dragon (D:10)
  4 trolls
  5 slime creatures (D:9)
  A shadow (D:7)
  A wraith (D:10)
  21 yaks
  A wyvern (D:7)
  A vampire (D:7)
  A steam dragon (D:7)
  Menkaure (D:7)
  7 vampire mosquitoes
  4 water moccasins
  An acid dragon (D:10)
  Duvessa (D:7)
  2 black bears
  17 orc warriors
  2 ice beasts (D:6)
  2 ogres
  15 centaurs
  4 wolves (D:9)
  A phantom (D:5)
  A lemure (D:7)
  A bullfrog (D:7)
  3 gnoll sergeants
  3 scorpions
  3 wights (D:9)
  Dowan (D:7)
  4 electric eels (D:9)
  2 gnoll boudas (D:7)
  6 hounds
  Crazy Yiuf (D:5)
  5 orc priests
  A sleepcap (D:6)
  2 iguanas
  Natasha (twice) (D:3)
  12 orc wizards
  37 gnolls
  5 adders
  2 ribbon worms
  A shadow imp (D:7)
  2 white imps
  7 dart slugs
  50 orcs
  7 ball pythons
  2 bat zombies (D:4)
  5 endoplasms
  5 giant cockroaches
  18 goblins
  15 hobgoblins
  7 jackals
  11 kobolds
  3 quokkas
  6 bats
  2 frilled lizards
  A frilled lizard zombie (D:4)
  5 rats
343 creatures vanquished.

Vanquished Creatures (others)
  A kobold demonologist (D:11)
  2 kobolds (D:11)
3 creatures vanquished.

Grand Total: 346 creatures vanquished

Notes
Turn   | Place    | Note
-------+----------+-------------------------------------------
     0 | D:1      | grandjackal the Merfolk Shapeshifter began the quest for
                  | the Orb.
     0 | D:1      | Reached XP level 1. HP: 15/15 MP: 1/1
    75 | D:1      | Reached XP level 2. HP: 21/21 MP: 2/2
    87 | D:1      | Reached skill level 3 in Dodging
   108 | D:1      | Found Naq Hieha's Magic Scroll Emporium.
   289 | D:1      | Found a faded altar of an unknown god.
   492 | D:1      | Reached XP level 3. HP: 27/27 MP: 3/3
   755 | D:1      | Bought a scroll of fear for 48 gold pieces
  1327 | D:2      | Reached XP level 4. HP: 32/33 MP: 4/4
  1790 | D:3      | Reached skill level 4 in Dodging
  2104 | D:3      | Reached XP level 5. HP: 32/39 MP: 5/5
  2168 | D:3      | Noticed Natasha
  2184 | D:3      | Killed Natasha
  2185 | D:3      | Reached skill level 5 in Shapeshifting
  2390 | D:3      | Noticed Natasha
  2398 | D:3      | Killed Natasha
  2915 | D:4      | Noticed ketchum's ghost (amateur TrSh)
  2945 | D:3      | Reached XP level 6. HP: 45/47 MP: 6/6
  3006 | D:4      | Noticed a black bear
  3014 | D:4      | Killed a black bear
  3015 | D:4      | Reached skill level 5 in Dodging
  3062 | D:4      | Found an ancient bone altar of Kikubaaqudgha.
  3185 | D:4      | Reached skill level 5 in Unarmed Combat
  3254 | D:4      | Reached XP level 7. HP: 40/53 MP: 7/7
  3348 | D:4      | Found a runed translucent gate.
  3349 | D:4      | Found a runed translucent gate.
  3350 | D:4      | Found a runed translucent gate.
  3583 | D:4      | Identified the +4 chain mail of Noughts and Crosses {rPois
                  | rC+}
  3646 | D:5      | Entered Level 5 of the Dungeon
  3670 | D:5      | Reached skill level 6 in Dodging
  3878 | D:5      | Reached XP level 8. HP: 61/61 MP: 8/8
  3927 | D:5      | Found a runed translucent door.
  3928 | D:5      | Noticed Crazy Yiuf
  4055 | D:5      | Reached skill level 5 in Fighting
  4592 | D:5      | Killed Crazy Yiuf
  4593 | D:5      | Reached skill level 7 in Dodging
  4688 | D:6      | Found a staircase to the Ecumenical Temple.
  4707 | Temple   | Entered the Ecumenical Temple
  4747 | Temple   | Became a worshipper of the Wu Jian Council
  5243 | D:6      | Reached XP level 9. HP: 69/69 MP: 9/9
  5250 | D:6      | Found a shadowy altar of Dithmenos.
  5299 | D:7      | Noticed Duvessa
  5299 | D:7      | Noticed Dowan
  5309 | D:7      | Killed Duvessa
  5310 | D:7      | Reached skill level 8 in Dodging
  5318 | D:7      | Killed Dowan
  5618 | D:7      | Reached * piety under Wu Jian
  5735 | D:7      | Noticed Pikel
  5756 | D:7      | Killed Pikel
  5757 | D:7      | Reached skill level 9 in Dodging
  5830 | D:7      | Found Kote Idi's Magic Scroll Shop.
  5831 | D:7      | Noticed Maurice
  5844 | D:7      | Maurice stole a flux talisman
  5850 | D:7      | Killed Maurice
  5851 | D:7      | Reached XP level 10. HP: 64/79 MP: 10/10
  5872 | D:7      | Bought 3 scrolls of teleportation for 135 gold pieces
  5872 | D:7      | Bought a scroll of teleportation for 45 gold pieces
  5872 | D:7      | Bought a scroll of teleportation for 45 gold pieces
  6086 | D:7      | Identified the staff of Xubarack {rPois rF+ Dex+2 Fire}
  6311 | D:7      | Noticed Menkaure
  6319 | D:7      | Killed Menkaure
  6414 | D:7      | Reached skill level 10 in Dodging
  6607 | D:8      | Reached skill level 10 in Shapeshifting
  6911 | D:8      | Identified the +3 orcbow "Ezuxzagg" {flame, SInv}
  6958 | D:8      | Reached ** piety under Wu Jian
  7342 | D:9      | Identified the +5 quarterstaff "Vegoquka" {flame, +Blink
                  | Str+2 Dex+5 SInv Stlth-}
  7534 | D:9      | Noticed BigPumpCobain's ghost (novice MiFi)
  7535 | D:9      | Found a runed translucent door.
  7568 | D:9      | Reached skill level 11 in Dodging
  7581 | D:9      | Reached XP level 11. HP: 69/89 MP: 11/11
  7733 | D:9      | Found an opulent altar of Gozag.
  7895 | D:9      | Found a staircase to the Lair.
  7924 | D:9      | Reached skill level 10 in Unarmed Combat
  8020 | D:9      | Reached *** piety under Wu Jian
  8244 | D:10     | Entered Level 10 of the Dungeon
  8388 | D:10     | Reached skill level 12 in Dodging
  8478 | D:10     | Noticed a two-headed ogre
  8491 | D:10     | Killed a two-headed ogre
  8492 | D:10     | Reached skill level 10 in Fighting
  8525 | D:10     | Noticed a two-headed ogre
  8548 | D:10     | Killed a two-headed ogre
  8627 | D:10     | Found a flagged portal.
  8638 | Bailey   | Entered a bailey
  8693 | Bailey   | Reached **** piety under Wu Jian
  8849 | Bailey   | Reached XP level 12. HP: 92/98 MP: 12/12
  8892 | Bailey   | Noticed an orc warlord
  8908 | Bailey   | Killed an orc warlord
  8995 | Bailey   | Acquired 997 gold pieces
  9115 | D:10     | Found a staircase to the Orcish Mines.
  9287 | D:10     | Found a stormy altar of Qazlal.
  9539 | D:11     | Reached skill level 13 in Dodging
  9647 | D:11     | Noticed a boulder beetle
  9659 | D:11     | Killed a boulder beetle
  9676 | D:11     | Noticed a soul eater
  9687 | D:11     | Reached ***** piety under Wu Jian
  9844 | D:11     | HP: 3/100 [poisoned by an orange demon]
  9845 | D:11     | Incinerated by a smoke demon

Illustrated notes

Levels and vault maps discovered:
D:1:      wander_arrival_peaceful_grave, layout_loops_cross, serial_shops, shop,
          ebering_ecumenical_altar_hall
D:2:      layout_basic
D:3:      layout_basic, uniq_natasha
D:4:      layout_basic, lemuel_zombie_altar_kikubaaqudgha,
          biasface_ghost_orc_armoury
D:5:      layout_basic, uniq_crazy_yiuf_cottage
D:6:      layout_loops_ring, mainiacjoe_overflow_alcove_4,
          minmay_temple_entry_glass
D:7:      layout_gridville, serial_shops, shop, minmay_circle_x, uniq_menkaure,
          uniq_maurice, uniq_duvessa, uniq_pikel
D:8:      layout_basic
D:9:      layout_loops_ring, mainiacjoe_overflow_six_doors_small,
          erik_lair_island, hellmonk_ghost_happy_afterlife,
          hangedman_abyss_or_decor_passed
D:10:     layout_basic, lemuel_crystal_altar, hiddenorc1_lemuel, enter_bailey_3
D:11:     layout_cave_pools, minivault_16
Temple:   hc_temple_tempest_star

Skill      XL: |  1  2  3  4  5  6  7  8  9 10 11 12 |
---------------+-------------------------------------+-----
Dodging        | 3 4 5 6 7 9 11 12 13 | 13.5
Fighting       | 2 3 4 6 7 9 10 11 | 11.2
Unarmed Combat | 4 5 6 8 9 10 11 | 11.7
Shapeshifting  | 5 6 7 9 10 12 | 12.8

Action                     |  1- 3 |  4- 6 |  7- 9 | 10-12 || total
---------------------------+-------+-------+-------+-------++-------
  Melee: Unarmed           |    91 |   187 |   327 |   803 ||  1408
         Punch             |     4 |       |     5 |       ||     9
         Tailslap          |       |       |       |     2 ||     2
 Invoke: Serpent's Lash    |       |       |       |     2 ||     2
Ability: Lunge             |       |       |    12 |    42 ||    54
         Begin Untransform |       |       |     1 |       ||     1
         Whirlwind         |       |       |       |    69 ||    69
         Wall Jump         |       |       |       |     6 ||     6
  Evoke: Wand              |       |       |       |     5 ||     5
    Use: Scroll            |       |       |     3 |     6 ||     9
         Potion            |       |       |       |     4 ||     4
   Stab: Sleeping          |     2 |       |       |       ||     2
 Armour: Animal skin       |    37 |       |       |       ||    37
         Ring mail         |    12 |   111 |    64 |       ||   187
         Skin              |       |       |    62 |   300 ||   362
  Dodge: Dodged            |    48 |    96 |   185 |   914 ||  1243
   Form: Flux              |       |       |     1 |       ||     1

Table legend: (Time is in decaauts)
 A = Elapsed time spent in this place.
 B = Non-inter-level travel time spent in this place.
 C = Inter-level travel time spent in this place.
 D = Time resting spent in this place.
 E = Time spent auto-exploring this place.
 F = Levels seen in this place.
 G = Mean time per level.
                   A        B        C        D        E       F      G
               +--------+--------+--------+--------+--------+-----+--------+
         Total |   9659 |   9037 |    622 |    674 |   5756 |  13 |  743.0 |
       Dungeon |   9238 |   8650 |    588 |    578 |   5748 |  11 |  839.8 |
        Temple |     55 |     21 |     34 |     20 |      0 |   1 |   55.0 |
        Bailey |    365 |    365 |      0 |     76 |      8 |   1 |  365.0 |
               +--------+--------+--------+--------+--------+-----+--------+

Top non-repeatable levels by time:
     D:3: 1203 daAuts
     D:7: 1098 daAuts
     D:5: 943 daAuts
     D:2: 905 daAuts
     D:8: 902 daAuts
     D:9: 870 daAuts
    D:10: 826 daAuts
     D:1: 783 daAuts
     D:4: 762 daAuts
     D:6: 597 daAuts
  Bailey: 365 daAuts
    D:11: 344 daAuts
  Temple: 55 daAuts
